 Dungeon Crawl Stone Soup version 0.29-a0-615-gdeedd76 (webtiles) character file.

Game seed: 1133312336246798412

86958 Illumine the Brawler (level 15, -2/153 HPs)
             Began as a Troll Cinder Acolyte on June 17, 2022.
             Was an Initiate of Ignis.
             Slain by a meliai
             ... wielding a +1 hand axe of freezing
              (5 damage)
             ... on level 14 of the Dungeon.
             The game lasted 00:51:02 (20788 turns).

Illumine the Brawler (Troll Cinder Acolyte)        Turns: 20788, Time: 00:51:03

Health: -2/153     AC: 12    Str: 32    XL:     15   Next: 42%
Magic:  0/24       EV: 11    Int: 10    God:    Ignis [......]
Gold:   2116       SH:  0    Dex:  5    Spells: 16/16 levels left

rFire   . . .      SeeInvis .     - Unarmed
rCold   + . .      Faith    .   (no shield)
rNeg    + . .      Spirit   +   M - +1 robe {Will+}
rPois   +          Reflect  .   y - +0 hat
rElec   +          Harm     .   E - +2 cloak {rPois}
rCorr   .          Rampage  .   (gloves unavailable)
Will    ++...                   (boots unavailable)
Stlth   ..........              F - amulet of guardian spirit
HPRegen 1.15/turn               d - +4 ring of protection
MPRegen 0.19/turn               X - ring of Naytwurch {Ice rElec rN+ MP+9 Stlth-}

@: rising, flying, slowed, very slow
A: large, unfitting armour, claws 3, regeneration 1, shaggy fur 1, tough skin 1
a: Renounce Religion


You were on level 14 of the Dungeon.
You worshipped Ignis.
Ignis was noncommittal.
You visited 3 branches of the dungeon, and saw 23 of its levels.
You also visited: Ice Cave.

You collected 2388 gold pieces.
You spent 272 gold pieces at shops.

Inventory:

Hand Weapons
 L - a +3 scimitar of flaming
Missiles
 p - 4 atropa-tipped darts
 A - 7 large rocks (quivered)
 U - 3 curare-tipped darts
 V - 14 boomerangs
 Z - 6 boomerangs of dispersal
Armour
 i - a +1 cloak of preservation
 y - a +0 hat (worn)
 C - a +1 robe of cold resistance
 E - a +2 cloak of poison resistance (worn)
 M - a +1 robe of willpower (worn)
Jewellery
 d - a +4 ring of protection (left claw)
 k - a ring of flight
 o - a ring of resist corrosion
 z - a ring of see invisible
 F - an amulet of guardian spirit (around neck)
 G - a ring of fire
 K - a ring of positive energy
 X - the ring of Naytwurch (right claw) {Ice rElec rN+ MP+9 Stlth-}
   (You found it in an ice cave)

   [ring of ice]

   It enhances your ice magic.
   rF:        It makes you vulnerable to fire.
   rC:        It protects you from cold.
   rElec:     It insulates you from electricity.
   rN:        It protects you from negative energy.
   MP:        It affects your magic capacity (+9).
   Stlth:     It makes you less stealthy.
Wands
 b - a wand of iceblast (6)
 j - a wand of digging (6)
 u - a wand of acid (2)
 D - a wand of polymorph (19)
 O - a wand of paralysis (16)
 S - a wand of flame (1)
Scrolls
 a - 2 scrolls of blinking
 g - 4 scrolls of poison
 q - a scroll of torment
 r - 9 scrolls of teleportation
 t - 2 scrolls of immolation
 w - a scroll of summoning
 x - 4 scrolls of vulnerability
 I - 2 scrolls of enchant armour
 J - a scroll of fear {unknown}
 N - 3 scrolls of enchant weapon
 Q - a scroll of fog
 T - 3 scrolls of brand weapon
Potions
 e - 6 potions of haste
 f - 3 potions of lignification
 h - 4 potions of attraction
 l - 3 potions of might
 m - a potion of invisibility
 n - a potion of resistance
 s - 4 potions of flight
 v - 3 potions of mutation
 B - 14 potions of curing
 H - 3 potions of cancellation
 R - 3 potions of berserk rage
Miscellaneous
 P - a phantom mirror
 W - a phial of floods
 Y - a tin of tremorstones (2/2)


   Skills:
 + Level 11.1 Fighting
 - Level 2.4 Long Blades
 + Level 8.0 Throwing
 + Level 10.7 Dodging
 - Level 1.0 Stealth
 * Level 17.6 Unarmed Combat
 - Level 1.0 Spellcasting
 - Level 2.1 Fire Magic
 + Level 6.8 Evocations


You had 16 spell levels left.
You didn't know any spells.
Your spell library contained the following spells:

 Spells                   Type           Power      Damage    Failure   Level
 Foxfire                  Conj/Fire      8%         2x1d4     22%         1
 Scorch                   Fire           8%         2d5       22%         2
 Apportation              Tloc           0%         N/A       34%         1
 Necrotize                Necr           0%         1d4       34%         1
 Sandblast                Erth           0%         2d4       34%         1
 Sting                    Tmut/Pois      0%         1d3       34%         1
 Summon Small Mammal      Summ           0%         N/A       34%         1
 Passwall                 Tmut/Erth      0%         N/A       45%         2
 Poisonous Vapours        Pois/Air       0%         N/A       45%         2
 Static Discharge         Conj/Air       0%         N/A       45%         2
 Sublimation of Blood     Necr           0%         N/A       45%         2
 Wereblood                Tmut           0%         N/A       45%         2
 Conjure Flame            Conj/Fire      2%         6-21      54%         3
 Inner Flame              Hex/Fire       2%         N/A       54%         3
 Dazzling Flash           Conj/Hex       0%         N/A       71%         3
 Gell's Gravitas          Tloc           0%         N/A       71%         3
 Lesser Beckoning         Tloc           0%         N/A       71%         3
 Portal Projectile        Hex/Tloc       0%         N/A       71%         3
 Stone Arrow              Conj/Erth      0%         3d7       71%         3
 Teleport Other           Tloc           0%         N/A       71%         3
 Tukima's Dance           Hex            0%         N/A       71%         3
 Flame Wave               Conj/Fire      2%         2d4       91%         4
 Sticky Flame             Conj/Fire      2%         2d3       91%         4
 Animate Armour           Summ/Erth      0%         N/A       98%         4
 Dispel Undead            Necr           0%         3d6       98%         4
 Iskenderun's Mystic Bla  Conj/Tloc      0%         2d3       98%         4
 Olgreb's Toxic Radiance  Pois           0%         N/A       98%         4
 Blade Hands              Tmut           0%         N/A       100%        5
 Summon Forest            Summ/Tloc      0%         N/A       100%        5
 Dispersal                Tloc           0%         N/A       100%        6
 Iron Shot                Conj/Erth      0%         9d1       100%        6
 Starburst                Conj/Fire      1%         6d3       100%        6
 Summon Hydra             Summ           0%         N/A       100%        7
 Disjunction              Tloc           0%         N/A       100%        8


Dungeon Overview and Level Annotations

Branches:
Dungeon (15/15)            Temple (0/1) D:5            Lair (6/6) D:8
  Slime (0/5) Lair:6          Orc (2/2) D:11            Elf (0/3) Orc:2
 Vaults (0/5) D:14          IceCv (visited)
  Swamp: Lair:2-4    Shoals: Lair:2-4     Snake: Lair:2-4    Spider: Lair:2-4
 Depths: D:15

Altars:
Cheibriados
Elyvilon
Gozag
Kikubaaqudgha
Makhleb
Trog
Vehumet
Xom
Beogh
Lugonu

Shops:
D:12 :   Orc:2 :!?=

Portals:
Abyss: Lair:6

Annotations:
D:13 2 transporters, exclusion: obsidian statue, Illumine's ghost, journeyman SpHu
Lair:3 exclusion: ice statue
Orc:1 2 transporters, porkupine's ghost, journeyman NaIE


Innate Abilities, Weirdness & Mutations

You are too large for most types of armour.
You have claws for hands.
Your natural rate of healing is unusually fast.
You are covered in fur. (AC +1)
You have tough skin. (AC +1)


Message History

The meliai hits you but does no damage. The meliai stings you.
* * * LOW HITPOINT WARNING * * *
The meliai hits you with a +0 war axe.
* * * LOW HITPOINT WARNING * * *
The meliai stings you. The meliai hits you with a +0 hand axe!
* * * LOW HITPOINT WARNING * * *
The meliai closely misses you.
The meliai hits you with a +1 hand axe of freezing.
* * * LOW HITPOINT WARNING * * *
The meliai stings you but does no damage.
The meliai hits you with a +0 war axe!
* * * LOW HITPOINT WARNING * * *
The meliai closely misses you. The meliai barely misses you.
The meliai misses you. The meliai closely misses you.
The meliai stings you but does no damage.
You climb upwards.
There is a stone staircase leading down, spattered with blood here.
You begin to rise into the air.
The meliai closely misses you.
The meliai stings you but does no damage.
The meliai closely misses you. The meliai barely misses you.
The meliai hits you with a +1 hand axe of freezing.
* * * LOW HITPOINT WARNING * * *
The meliai freezes you.
* * * LOW HITPOINT WARNING * * *
The meliai stings you.
* * * LOW HITPOINT WARNING * * *
The meliai hits you but does no damage.
The meliai stings you but does no damage.
The meliai invokes the aid of its god against you.
Something smites you!
* * * LOW HITPOINT WARNING * * *
The meliai hits you with a +1 hand axe of freezing.
* * * LOW HITPOINT WARNING * * *
The meliai stings you but does no damage.
The meliai hits you but does no damage. The meliai stings you.
* * * LOW HITPOINT WARNING * * *
The meliai barely misses you.
The meliai stings you but does no damage.
The meliai closely misses you. The meliai stings you.
You die...

.# .# ########### .# #....^....)
################## #.#########
...^.............######.#########
.###############.................
.######################.#########
...............y.y...............
...............y@#######.########
....###..........................
..............##'#######....#####
..#.###.#####.#.......#####.#
###.# #.# #.#.......# #.# #.# #.#
#.........#####.# #.# #.#
##.............(# # #.# #.#
#..............# ≈##.###'####
##......[.....<#


You could see 3 meliai.

Vanquished Creatures
  An azure jelly (IceCv)
  Josephine (D:15)
  An ice dragon (Lair:3)
  11 hydras
  A boulder beetle (D:13)
  2 catoblepae
  4 centaur warriors
  A death knight (D:15)
  2 two-headed ogres (D:13)
  Erica (D:8)
  2 tengu warriors
  2 thrashing horrors (Lair:6)
  Sonja (D:13)
  2 deep elf pyromancers (D:14)
  A deep elf zephyrmancer (D:14)
  An orc knight (Orc:1)
  9 orc sorcerers (Orc:2)
  A manticore (D:13)
  13 ugly things
  3 cyclopes
  7 black mambas
  5 elephants
  3 ice statues (IceCv)
  11 cane toads
  A smoke demon (Lair:6)
  A torpor snail (Lair:2)
  A kobold demonologist (D:10)
  4 rime drakes
  A gargoyle (D:12)
  An efreet (D:14)
  7 komodo dragons
  A yaktaur (shapeshifter) (Lair:6)
  4 yaktaurs (D:14)
  5 entropy weaver simulacra (IceCv)
  3 ancient zymes (Lair:6)
  A hornet (D:8)
  A meliai (shapeshifter) (Lair:6)
  5 trolls
  5 polar bears
  2 large abominations (Lair:6)
  7 blink frogs
  Prince Ribbit (Lair:1)
  A tarantella (Lair:3)
  18 slime creatures
  A ynoxinul (Lair:6)
  2 spriggans (Lair:6)
  7 wraiths
  A water elemental (D:14)
  2 wyverns
  64 yaks
  Eustachio (D:5)
  7 basilisks
  2 chaos spawn (Lair:6)
  3 steam dragons
  5 vampire mosquitoes
  16 wargs
  15 water moccasins
  7 ice beasts
  13 orc warriors
  3 black bears
  6 ogres
  2 sky beasts
  6 ugly thing simulacra (IceCv)
  26 wolves
  16 centaurs
  A phantom (D:5)
  A kobold brigand (D:9)
  10 bullfrogs
  3 necrophages
  A gnoll sergeant (D:8)
  3 scorpions
  11 small abominations (Lair:6)
  6 glowing shapeshifter simulacra (IceCv)
  4 wights (D:10)
  10 killer bees
  2 vampire bats (D:11)
  2 electric eels (D:14)
  4 howler monkeys
  8 crimson imps (D:9)
  8 jellies
  16 orc priests
  6 hounds
  A gnoll shaman (D:10)
  Jessica (D:2)
  6 iguanas
  45 orc wizards
  Robin (D:2)
  4 gnolls (D:8)
  9 adders
  5 white imps
  An ufetubus (D:6)
  A worm (D:3)
  3 dart slugs
  83 orcs
  11 ball pythons
  3 bat skeletons (D:11)
  4 bat zombies (D:11)
  6 endoplasms
  3 giant cockroaches
  20 goblins
  6 hobgoblins
  7 quokkas
  4 bats
  A frilled lizard (D:2)
  13 kobolds
  6 rats
701 creatures vanquished.

Vanquished Creatures (collateral kills)
  Rupert (Lair:5)
  A hydra (Lair:5)
  A deep elf knight (D:14)
  An orc knight (D:14)
  A cane toad (Lair:2)
  A rime drake (Lair:5)
  A basilisk (Lair:2)
  2 water moccasins (Lair:2)
  A centaur (Lair:2)
  An orc wizard (D:14)
11 creatures vanquished.

Vanquished Creatures (others)
  3 demonic crawler simulacra (IceCv)
  2 bushes (Lair:6)
  14 foxfires (IceCv)
  30 fungi
  48 plants
97 creatures vanquished.

Grand Total: 809 creatures vanquished

Notes
Turn   | Place    | Note
-------+----------+-------------------------------------------
     0 | D:1      | Illumine the Troll Cinder Acolyte began the quest for the
                  | Orb.
     0 | D:1      | Reached XP level 1. HP: 22/22 MP: 1/1
    83 | D:1      | Reached skill level 1 in Unarmed Combat
   132 | D:1      | Reached XP level 2. HP: 29/29 MP: 2/2
   765 | D:2      | Reached XP level 3. HP: 36/36 MP: 3/3
   777 | D:2      | Reached skill level 1 in Dodging
   777 | D:2      | Reached skill level 2 in Unarmed Combat
  1066 | D:2      | Noticed Jessica
  1073 | D:2      | Killed Jessica
  1074 | D:2      | Reached XP level 4. HP: 30/44 MP: 4/4
  1133 | D:2      | Found a faded altar of an unknown god.
  1434 | D:2      | Noticed Robin
  1447 | D:2      | Killed Robin
  1474 | D:2      | Reached skill level 3 in Unarmed Combat
  1636 | D:3      | Reached XP level 5. HP: 48/53 MP: 5/5
  2268 | D:4      | Reached skill level 4 in Unarmed Combat
  2278 | D:4      | Reached XP level 6. HP: 61/61 MP: 6/6
  2777 | D:4      | Reached skill level 5 in Unarmed Combat
  2890 | D:4      | Reached XP level 7. HP: 67/68 MP: 7/7
  3053 | D:5      | Entered Level 5 of the Dungeon
  3272 | D:5      | Reached skill level 6 in Unarmed Combat
  3503 | D:5      | Noticed Eustachio
  3516 | D:5      | Killed Eustachio
  3517 | D:5      | Reached XP level 8. HP: 79/79 MP: 8/8
  3603 | D:5      | Found a staircase to the Ecumenical Temple.
  3691 | D:5      | Reached skill level 1 in Evocations
  3917 | D:6      | Reached skill level 1 in Throwing
  3917 | D:6      | Reached skill level 7 in Unarmed Combat
  3953 | D:6      | Reached skill level 5 in Fighting
  4063 | D:6      | Reached XP level 9. HP: 82/88 MP: 9/9
  4299 | D:6      | Identified the +10 falchion "Muanoufa" {freeze, *Rage rN+
                  | Int+9}
  4737 | D:6      | Identified the +7 rapier "Vontylugg" {venom, Will+}
  4887 | D:7      | Reached skill level 8 in Unarmed Combat
  4946 | D:7      | You fall into a shaft and drop 2 floors!
  5073 | D:7      | Found a shimmering blue altar of Sif Muna.
  5076 | D:7      | Found an ancient bone altar of Kikubaaqudgha.
  5076 | D:7      | Found a shimmering altar of Xom.
  5078 | D:7      | Found an ancient bone altar of Kikubaaqudgha.
  5078 | D:7      | Found a white marble altar of Elyvilon.
  5078 | D:7      | Found a snail-covered altar of Cheibriados.
  5186 | D:7      | Found an opulent altar of Gozag.
  5652 | D:7      | Identified the +0 war axe "Jybur" {elec, Fly}
  5859 | D:8      | Reached skill level 5 in Dodging
  5881 | D:8      | Noticed Erica
  5891 | D:8      | Killed Erica
  5892 | D:8      | Reached skill level 9 in Unarmed Combat
  5899 | D:8      | Reached XP level 10. HP: 40/98 MP: 4/10
  6289 | D:8      | Found a staircase to the Lair.
  6874 | Lair:1   | Entered Level 1 of the Lair of Beasts
  6894 | Lair:1   | Noticed Prince Ribbit
  6975 | Lair:1   | Killed Prince Ribbit
  7020 | Lair:1   | Reached skill level 10 in Unarmed Combat
  7082 | Lair:1   | Noticed a cane toad
  7088 | Lair:1   | Killed a cane toad
  7165 | Lair:1   | Noticed Maggie
  7166 | Lair:1   | Noticed Maggie
  7166 | Lair:1   | Maggie changed into Maggie the sky beast
  7178 | Lair:1   | Killed Maggie the sky beast
  7521 | Lair:1   | Noticed a seven-headed hydra
  7526 | Lair:1   | Killed a five-headed hydra
  7527 | Lair:1   | Reached skill level 5 in Throwing
  7792 | Lair:2   | Noticed an eight-headed hydra
  7803 | Lair:2   | Killed a six-headed hydra
  7804 | Lair:2   | Reached XP level 11. HP: 83/107 MP: 8/11
  7966 | Lair:2   | Reached skill level 11 in Unarmed Combat
  8248 | Lair:2   | HP: 7/163 [black mamba (11)]
  8436 | Lair:2   | Reached skill level 12 in Unarmed Combat
  8691 | Lair:2   | You fall into a shaft and drop 1 floor!
  8727 | Lair:3   | Reached XP level 12. HP: 119/119 MP: 10/12
  8829 | Lair:3   | Noticed an ice dragon
  8944 | Lair:3   | Noticed Snorg
  8947 | Lair:3   | Noticed Snorg
  8947 | Lair:3   | Snorg changed into Snorg the tarantella
  8954 | Lair:3   | Killed Snorg the tarantella
  9278 | Lair:4   | Noticed a catoblepas
  9290 | Lair:4   | Killed a catoblepas
  9399 | Lair:4   | Noticed a seven-headed hydra
  9409 | Lair:4   | Killed a five-headed hydra
  9485 | Lair:4   | Reached skill level 13 in Unarmed Combat
  9686 | Lair:4   | Noticed a quicksilver ooze
  9729 | Lair:5   | Noticed Rupert
  9729 | Lair:5   | Noticed a seven-headed hydra
  9738 | Lair:5   | Killed a seven-headed hydra
  9745 | Lair:5   | Killed Rupert
 10168 | Lair:5   | Noticed an eight-headed hydra
 10173 | Lair:5   | Killed a five-headed hydra
 10174 | Lair:5   | Reached skill level 5 in Evocations
 10445 | Lair:6   | Entered Level 6 of the Lair of Beasts
 10648 | Lair:6   | Reached skill level 14 in Unarmed Combat
 10706 | Lair:6   | Reached XP level 13. HP: 124/130 MP: 13/13
 11438 | Lair:6   | Got Gell's Handbook of the Voyage
 11533 | Lair:6   | Found a corrupted altar of Lugonu.
 11533 | Lair:6   | Found a one-way gate to the infinite horrors of the Abyss.
 11614 | Lair:6   | Reached skill level 15 in Unarmed Combat
 11881 | Lair:6   | Found a staircase to the Slime Pits.
 12464 | Lair:3   | Reached skill level 1 in Stealth
 13226 | D:10     | Entered Level 10 of the Dungeon
 14065 | D:11     | Found a frozen archway.
 14092 | D:11     | Reached skill level 10 in Fighting
 14092 | D:11     | Reached XP level 14. HP: 135/143 MP: 12/14
 14108 | IceCv    | Entered an ice cave
 14479 | IceCv    | Noticed an azure jelly
 14508 | IceCv    | Killed an azure jelly
 14509 | IceCv    | Reached skill level 16 in Unarmed Combat
 14666 | IceCv    | Found a viscous altar of Jiyva.
 14682 | IceCv    | Identified the +2 ring mail "Risedumm" {Harm rC++ Dex-4}
 14687 | IceCv    | Got the ring of Naytwurch {Ice rElec rN+ MP+9 Stlth-}
 15182 | D:11     | Found a staircase to the Orcish Mines.
 15257 | D:11     | Found an ancient bone altar of Kikubaaqudgha.
 15480 | D:12     | Found Kedghiar's Book Shoppe.
 15992 | D:12     | Reached skill level 10 in Dodging
 16299 | D:13     | Noticed Sonja
 16352 | D:13     | Killed Sonja
 16842 | D:13     | Found a transporter.
 16847 | D:13     | Noticed Illumine's ghost (journeyman SpHu)
 16870 | D:13     | Found a bloodstained altar of Trog.
 16900 | D:13     | Found a transporter.
 17486 | D:14     | Reached skill level 17 in Unarmed Combat
 17670 | Orc:1    | Entered Level 1 of the Orcish Mines
 17892 | Orc:1    | Found a transporter.
 17897 | Orc:1    | Found a transporter.
 17897 | Orc:1    | Noticed porkupine's ghost (journeyman NaIE)
 18187 | Orc:2    | Entered Level 2 of the Orcish Mines
 18187 | Orc:2    | Found a burning altar of Makhleb.
 18387 | Orc:2    | Found Deecw's Distillery.
 18440 | Orc:2    | Reached XP level 15. HP: 125/148 MP: 11/15
 18474 | Orc:2    | Found Otamp's Book Boutique.
 18722 | Orc:2    | Found a staircase to the Elven Halls.
 19018 | Orc:2    | Found Beaffo's Magic Scroll Boutique.
 19018 | Orc:2    | Found Teerchasm's Jewellery Emporium.
 19024 | Orc:2    | Bought a ring of see invisible for 240 gold pieces
 19037 | Orc:2    | Bought a scroll of fog for 32 gold pieces
 19929 | D:14     | Found a gate to the Vaults.
 20498 | D:15     | Entered Level 15 of the Dungeon
 20498 | D:15     | Found a radiant altar of Vehumet.
 20706 | D:15     | Noticed Josephine
 20713 | D:15     | Killed Josephine
 20788 | D:14     | HP: 5/153 [meliai/divine providence (10)]
 20788 | D:14     | Slain by a meliai

Illustrated notes

Levels and vault maps discovered:
D:1:      dpeg_arrival_short_road, layout_loops_ring
D:2:      layout_loops_corners, ebering_ecumenical_altar_abandoned,
          uniq_jessica, uniq_robin
D:3:      layout_rooms
D:4:      layout_basic, st_stairs_12, grunt_ministairs_8, minmay_vboxes
D:5:      layout_cave_pools, minmay_temple_entry_statues_pillars,
          minmay_parallelograms, grunt_ministairs_7, kennysheep_nondescript,
          water_maze_lemuel, uniq_eustachio
D:6:      layout_basic, minmay_misc_feat_columns
D:7:      layout_loops_cross, doesnt_xom_only_xom, lemuel_doored_altar,
          chequers_serial_rivers_large_a, grunt_ministairs_14
D:8:      layout_loops_corners, erik_lair_orcish_takeover, uniq_erica
D:9:      layout_loops_ring, minmay_nine_imps
D:10:     layout_rooms, dreamdust_gnoll_shepherd
D:11:     layout_cave_pools, orc_0_dummy,
          portal_ice_cave_entry_animals_and_master, kennysheep_vampire_church
D:12:     layout_gridville, serial_shops, nicolae_shop_crystal
D:13:     layout_rooms, gammafunk_ghost_wrathful_warriors, minivault_16,
          uniq_sonja
D:14:     layout_basic, hangedman_vaults_entry_quadrant_bands, minivault_11
D:15:     hangedman_depths_entry_civil_slaughter, layout_irregular_city,
          nicolae_uskayaw_murder_on_the_dancefloor, kennysheep_doodads,
          fiery_altar_vehumet, uniq_azrael, uniq_josephine
Lair:1:   layout_loops_ring, nicolae_quartered_pool_impasse, uniq_maggie,
          uniq_prince_ribbit2
Lair:2:   nzn_winding_woodlands_large [nzn_winding_woodlands_5x5_default,
          nzn_winding_woodlands_5x15_pockets, nzn_winding_woodlands_hourglass,
          nzn_winding_woodlands_center_lodge,
          nzn_winding_woodlands_15x15_killbox,
          nzn_winding_woodlands_center_garden,
          nzn_winding_woodlands_5x5_checkerboard,
          nzn_winding_woodlands_5x15_lazy_stream,
          nzn_winding_woodlands_5x5_cross], layout_long_grid,
          minmay_shoals_entry_centaurs
Lair:3:   layout_chaotic_city, spider_nest_entry_funnel_web, serial_forest,
          infiniplex_forest_straight_3, infiniplex_forest_lined_room_2,
          infiniplex_forest_join, infiniplex_forest_end_1,
          infiniplex_forest_lined_2, infiniplex_forest_clump_long, ice2_lemuel,
          uniq_snorg
Lair:4:   layout_regular_city, nicolae_lair_time_for_slime
Lair:5:   layout_gridlike, uniq_rupert
Lair:6:   hellmonk_lair_end_abyssal_woods, layout_regular_city,
          minmay_slime_entry_pillars
Orc:1:    layout_caves, gammafunk_ghost_arena
Orc:2:    st_orc_town, layout_caves, basic_altar, mines5_lemuel

Skill      XL: |  1  2  3  4  5  6  7  8  9 10 11 12 13 14 15 |
---------------+----------------------------------------------+-----
Unarmed Combat | 1 2 3 4 5 6 7 9 10 12 14 15 17 | 17.6
Dodging        | 1 2 3 4 5 6 7 8 9 10 | 10.7
Fighting       | 3 4 5 6 7 8 10 11 | 11.1
Evocations     | 2 3 4 5 6 |  6.8
Throwing       | 2 3 5 6 7 8 |  8.0
Stealth        | 1 |  1.0
Long Blades    | |  2.4
Spellcasting   | |  1.0
Fire Magic     | |  2.1

Action                   |  1- 3 |  4- 6 |  7- 9 | 10-12 | 13-15 || total
-------------------------+-------+-------+-------+-------+-------++-------
Melee: Falchion          |    86 |       |       |       |       ||    86
       Unarmed           |    18 |   222 |   227 |   528 |  1097 ||  2092
       Punch             |       |     4 |    15 |    23 |    94 ||   136
       Scimitar          |       |       |       |    10 |    30 ||    40
Throw: Stone             |       |       |     3 |    18 |     1 ||    22
       Large rock        |       |       |       |       |    27 ||    27
Invok: Fiery Armour      |       |       |     2 |     5 |     4 ||    11
       Foxfire Swarm     |       |       |       |       |     1 ||     1
       Rising Flame      |       |       |       |       |     1 ||     1
Evoke: Wand              |       |       |     2 |    11 |    19 ||    32
       Phantom mirror    |       |       |       |       |     3 ||     3
  Use: Scroll            |       |       |     9 |     4 |    19 ||    32
       Potion            |       |       |       |     6 |     5 ||    11
 Stab: Paralysed         |       |       |       |       |     1 ||     1
       Distracted        |       |       |       |       |     2 ||     2
Armor: Robe              |    67 |    90 |    69 |   211 |   483 ||   920
       Steam dragon scal |       |       |    25 |     3 |       ||    28
       Skin              |       |       |       |    13 |       ||    13
Dodge: Dodged            |    61 |    82 |   109 |   211 |   470 ||   933

Table legend: (Time is in decaauts)
 A = Elapsed time spent in this place.
 B = Non-inter-level travel time spent in this place.
 C = Inter-level travel time spent in this place.
 D = Time resting spent in this place.
 E = Time spent auto-exploring this place.
 F = Levels seen in this place.
 G = Mean time per level.
                   A        B        C        D        E       F      G
               +--------+--------+--------+--------+--------+-----+--------+
         Total |  20449 |  19579 |    870 |   2657 |  11046 |  24 |  852.0 |
       Dungeon |  12540 |  11904 |    636 |   1219 |   7613 |  15 |  836.0 |
          Lair |   5525 |   5326 |    199 |    970 |   2608 |   6 |  920.8 |
  Orcish Mines |   1598 |   1565 |     33 |    171 |    733 |   2 |  799.0 |
      Ice Cave |    785 |    785 |      0 |    297 |     92 |   1 |  785.0 |
               +--------+--------+--------+--------+--------+-----+--------+

Top non-repeatable levels by time:
    D:14: 1796 daAuts
  Lair:6: 1752 daAuts
     D:8: 1152 daAuts
    D:12: 1051 daAuts
     D:6: 1041 daAuts
  Lair:2: 960 daAuts
     D:2: 959 daAuts
   Orc:2: 951 daAuts
  Lair:1: 894 daAuts
  Lair:5: 887 daAuts
     D:7: 861 daAuts
    D:10: 789 daAuts
   IceCv: 785 daAuts
     D:4: 778 daAuts
     D:1: 772 daAuts
